 Dungeon Crawl Stone Soup version 0.29.0-4-gdea44cf6ec (webtiles) character file.

Game seed: 6215366736990492504

3434 Zeldest the Grappler (level 9, -3/93 HPs)
             Began as a Troll Fighter on Aug 27, 2022.
             Slain by a white ugly thing (13 damage)
             ... on level 8 of the Dungeon.
             The game lasted 00:08:23 (5300 turns).

Zeldest the Grappler (Troll Fighter)                Turns: 5300, Time: 00:08:24

Health: -3/93      AC:  4    Str: 30    XL:     9   Next: 77%
Magic:  11/11      EV:  8    Int:  4    God:
Gold:   356        SH:  7    Dex:  9    Spells: 8/8 levels left

rFire   . . .      SeeInvis .     - Unarmed
rCold   . . .      Faith    .   b - +0 kite shield
rNeg    . . .      Spirit   .   a - +0 robe
rPois   .          Reflect  .   (helmet restricted)
rElec   .          Harm     .   (no cloak)
rCorr   .          Rampage  .   (gloves unavailable)
Will    .....                   (boots unavailable)
Stlth   +.........              u - amulet of the acrobat
HPRegen 1.05/turn               q - ring of wizardry
MPRegen 0.12/turn               (no ring)

@: no status effects
A: large, unfitting armour, claws 3, regeneration 1, shaggy fur 1, tough skin 1
a: no special abilities


You were on level 8 of the Dungeon.
You visited 2 branches of the dungeon, and saw 9 of its levels.
You also visited: Bailey.

You collected 431 gold pieces.
You spent 75 gold pieces at shops.

Inventory:

Hand Weapons
 x - a +4 flail of protection
Armour
 a - a +0 robe (worn)
 b - a +0 kite shield (worn)
Jewellery
 q - a ring of wizardry (left claw)
 u - an amulet of the acrobat (around neck)
Wands
 v - a wand of flame (9)
 w - a wand of charming (22)
 y - a wand of digging (1)
Scrolls
 e - 3 scrolls of noise {unknown}
 g - a scroll of summoning {unknown}
 h - 4 scrolls of blinking
 m - a scroll of enchant weapon
 o - 2 scrolls of identify {unknown}
 p - a scroll of immolation {unknown}
 s - 2 scrolls of teleportation {unknown}
 z - a scroll of vulnerability {unknown}
Potions
 c - 3 potions of might
 d - 3 potions of heal wounds {unknown}
 f - 3 potions of curing {unknown}
 i - a potion of attraction {unknown}
 j - 2 potions of degeneration {unknown}
 k - a potion of haste {unknown}
 l - a potion of berserk rage
 n - 2 potions of flight {unknown}
 r - 4 potions of mutation {unknown}
 t - 4 potions of lignification {unknown}
 A - 2 potions of brilliance {unknown}


   Skills:
 + Level 7.1 Fighting
 + Level 5.3 Throwing
 - Level 2.4 Dodging
 + Level 3.0 Shields
 * Level 8.4 Unarmed Combat
 - Level 4.5 Invocations


You had 8 spell levels left.
You didn't know any spells.
Your spell library contained the following spells:

 Spells                   Type           Power      Damage    Failure   Level
 Foxfire                  Conj/Fire      0%         2x1d4     45%         1
 Shock                    Conj/Air       0%         1d3       45%         1
 Call Imp                 Summ           0%         N/A       58%         2
 Call Canine Familiar     Summ           0%         N/A       82%         3
 Conjure Flame            Conj/Fire      0%         6-21      82%         3
 Ignite Poison            Fire/Tmut/Pois 0%         N/A       82%         3
 Inner Flame              Hex/Fire       0%         N/A       82%         3
 Mephitic Cloud           Conj/Pois/Air  0%         N/A       82%         3
 Portal Projectile        Hex/Tloc       0%         N/A       82%         3
 Corpse Rot               Necr/Pois/Air  0%         N/A       99%         4
 Flame Wave               Conj/Fire      0%         2d4       99%         4
 Leda's Liquefaction      Hex/Erth       0%         N/A       99%         4
 Blade Hands              Tmut           0%         N/A       100%        5
 Freezing Cloud           Conj/Ice/Air   0%         6-21      100%        5
 Irradiate                Conj/Tmut      0%         3d11      100%        5
 Lee's Rapid Deconstruct  Erth           0%         3d5*      100%        5
 Silence                  Hex/Air        0%         N/A       100%        5
 Statue Form              Tmut/Erth      0%         N/A       100%        6
 Dragon Form              Tmut           0%         N/A       100%        7
 Spellforged Servitor     Conj/Summ      0%         N/A       100%        7
 Infestation              Necr           0%         N/A       100%        8
 Necromutation            Tmut/Necr      0%         N/A       100%        8


Dungeon Overview and Level Annotations

Branches:
Dungeon (8/15)             Temple (1/1) D:7          Bailey (visited)
   Lair: D:8-11

Altars:
Ashenzari
Cheibriados
Dithmenos
Elyvilon
Gozag
Hepliaklqana
Kikubaaqudgha
Okawaru
Qazlal
Sif Muna
Uskayaw
Xom
Zin
The Shining One

Shops:
D:2 ?   D:3 *   D:4 (

Annotations:
D:2 1 runed translucent door, Crazy Yiuf


Innate Abilities, Weirdness & Mutations

You are too large for most types of armour.
You have claws for hands.
Your natural rate of healing is unusually fast.
You are covered in fur. (AC +1)
You have tough skin. (AC +1)


Message History

You kill the orc!
You claw the orc!
You kill the orc!
You climb downwards.
Found a broad axe.
There is a stone staircase leading up here.
Found a stone staircase leading down.
There is a stone staircase leading down here.
A shadow imp comes into view.
The shadow imp shouts, "Go and return not, thou errant base-court maggot-pie!"
A shadow imp is nearby!
Found a stone staircase leading up.
Found a ring mail and a quarterstaff.
The shadow imp hits you.
You mangle the shadow imp!!
You kill the shadow imp!
No target in view!
No target in view!
HP restored.
The white ugly thing gurgles horribly!
A white ugly thing is nearby!
A white ugly thing is nearby!
Okay, then.
Sorry, you're not good enough to have a special ability.
Unknown command.
You claw the white ugly thing!
The white ugly thing is moderately wounded.
The white ugly thing barely misses you.
You barely miss the white ugly thing.
The white ugly thing is moderately wounded.
The white ugly thing trunk-slaps you! The white ugly thing freezes you!!
You claw the white ugly thing!
The white ugly thing is moderately wounded.
The white ugly thing trunk-slaps you! The white ugly thing freezes you!
* * * LOW HITPOINT WARNING * * *
You claw the white ugly thing!
The white ugly thing is heavily wounded.
The white ugly thing trunk-slaps you!
* * * LOW HITPOINT WARNING * * *
The white ugly thing freezes you!
You die...

#### #### #####..###
...####........##
.........<......#
#####...........## ......
##............# ......
#.............# #......
#.............# 8.8.8.8
#............@## .......
#..[.)......#.u## 8......
##############..##.......
##...8...8.8 #.......###
#........# #..........
#.........# #.........#


You could see a white ugly thing.

Vanquished Creatures
  Sigmund (D:2)
  Eustachio (D:4)
  Edmund (D:5)
  An ice beast (D:6)
  A black bear (D:3)
  4 ogres (D:6)
  5 orc warriors (Bailey)
  A sky beast (D:6)
  2 phantoms
  2 necrophages
  2 bullfrogs
  4 scorpions
  Blork the orc (D:5)
  5 wights (D:6)
  A howler monkey (D:7)
  A jelly (D:7)
  4 hounds
  3 orc priests
  3 iguanas
  Ijyb (D:3)
  6 orc wizards
  A scorpion zombie (D:3)
  Natasha (thrice) (D:4)
  A hound skeleton (D:3)
  A howler monkey zombie (D:3)
  Robin (D:4)
  3 gnolls (D:4)
  8 adders
  A shadow imp (D:8)
  A white imp (D:7)
  2 ufetubi (D:6)
  An adder skeleton (D:3)
  4 dart slugs
  42 orcs
  10 bats
  3 endoplasms
  6 giant cockroaches
  14 goblins
  11 hobgoblins
  6 jackals
  7 kobolds
  3 quokkas
  5 ball pythons
  A ball python zombie (D:3)
  4 frilled lizards
  A quokka skeleton (D:3)
  4 rats
194 creatures vanquished.

Notes
Turn   | Place    | Note
-------+----------+-------------------------------------------
     0 | D:1      | Zeldest the Troll Fighter began the quest for the Orb.
     0 | D:1      | Reached XP level 1. HP: 22/22 MP: 0/0
    48 | D:1      | Reached XP level 2. HP: 26/29 MP: 1/1
   122 | D:1      | Reached skill level 1 in Invocations
   419 | D:1      | Reached XP level 3. HP: 36/36 MP: 2/2
   688 | D:2      | Noticed Sigmund
   721 | D:2      | Killed Sigmund
   722 | D:2      | Reached skill level 3 in Unarmed Combat
   722 | D:2      | Reached XP level 4. HP: 25/45 MP: 2/4
   722 | D:2      | Reached XP level 5. HP: 30/53 MP: 2/5
   747 | D:2      | Found Axidgheg's Magic Scroll Boutique.
   759 | D:2      | Bought a scroll of blinking for 75 gold pieces
  1068 | D:2      | Found a runed translucent door.
  1069 | D:2      | Noticed Crazy Yiuf
  1131 | D:2      | Found a faded altar of an unknown god.
  1293 | D:3      | Found a broken altar of Ashenzari.
  1348 | D:3      | Reached XP level 6. HP: 62/62 MP: 7/7
  1459 | D:3      | Reached skill level 4 in Unarmed Combat
  1515 | D:3      | Found Yfanas's Assorted Antiques.
  1583 | D:3      | Noticed Ijyb
  1610 | D:3      | Killed Ijyb
  1885 | D:4      | Noticed Natasha
  1891 | D:4      | Noticed Robin
  1899 | D:4      | Noticed Eustachio
  1920 | D:4      | Killed Robin
  1932 | D:4      | Killed Natasha
  1933 | D:4      | Reached XP level 7. HP: 43/70 MP: 8/8
  1999 | D:4      | Killed Eustachio
  2000 | D:4      | Reached skill level 5 in Unarmed Combat
  2112 | D:4      | Got the Quarto of Atmospheric Calling
  2196 | D:4      | Found a white marble altar of Elyvilon.
  2239 | D:4      | Reached skill level 5 in Fighting
  2264 | D:4      | Noticed Natasha
  2268 | D:4      | Killed Natasha
  2286 | D:4      | Reached XP level 8. HP: 51/80 MP: 10/10
  2363 | D:4      | Found Uppiov's Antique Weapon Shop.
  2469 | D:4      | Noticed Natasha
  2477 | D:4      | Killed Natasha
  2550 | D:5      | Entered Level 5 of the Dungeon
  2550 | D:5      | Noticed Blork the orc
  2559 | D:5      | Killed Blork the orc
  2560 | D:5      | Reached skill level 1 in Throwing
  2640 | D:5      | Noticed Edmund
  2654 | D:5      | Killed Edmund
  2655 | D:5      | Reached skill level 6 in Unarmed Combat
  2728 | D:5      | Found a glowing golden altar of the Shining One.
  2728 | D:5      | Found a shimmering blue altar of Sif Muna.
  2781 | D:5      | Found a shadowy altar of Dithmenos.
  3111 | D:5      | Found a hide-covered altar of Uskayaw.
  3333 | D:6      | Reached skill level 7 in Unarmed Combat
  3382 | D:6      | Found an opulent altar of Gozag.
  3408 | D:6      | Found a glowing silver altar of Zin.
  3409 | D:6      | Found an iron altar of Okawaru.
  3412 | D:6      | Reached XP level 9. HP: 85/89 MP: 11/11
  3579 | D:6      | Found a hazy altar of Hepliaklqana.
  3981 | D:7      | Found a stormy altar of Qazlal.
  4183 | D:7      | Found a staircase to the Ecumenical Temple.
  4192 | Temple   | Entered the Ecumenical Temple
  4278 | D:7      | Got Kikubaaqudgha's Compilation of Evil Secrets
  4298 | D:7      | Found a flagged portal.
  4310 | Bailey   | Entered a bailey
  4416 | Bailey   | Reached skill level 5 in Throwing
  4416 | Bailey   | Reached skill level 8 in Unarmed Combat
  4675 | Bailey   | Noticed an orc knight
  4675 | Bailey   | Noticed an orc knight
  5003 | D:7      | Identified the +2 hand axe "Besa" {vorpal, Will+ rCorr}
  5203 | D:8      | Noticed a white ugly thing
  5300 | D:8      | Slain by a white ugly thing

Illustrated notes

Levels and vault maps discovered:
D:1:      amcnicky_arrival_wind_blow, layout_basic, minmay_pentomino_r2
D:2:      layout_basic, serial_shops, shop, shapermc_ecumenical_altar_venn,
          uniq_crazy_yiuf_cottage, uniq_sigmund
D:3:      layout_loops_ring, nicolae_overflow_hidden_temple, serial_undead,
          serial_undead_f, serial_undead_b, serial_undead_c, serial_undead_d,
          serial_shops, nicolae_shop_hallway_plus, uniq_ijyb
D:4:      layout_cave_pools, elyvilon_altar_5, serial_shops,
          nicolae_lakefront_shop, uniq_eustachio, uniq_robin, uniq_natasha
D:5:      layout_basic, grunt_dithmenos_smoke,
          gammafunk_temple_overflow_forgotten, uniq_blork_the_orc, uniq_edmund
D:6:      layout_cave_pools, pdpol_temple_overflow_zin_treasury_gozag_greed,
          marbit_many_paths, okawaru_ov_weapons_minmay, serial_rivers,
          chequers_serial_rivers_micro_e, chequers_serial_rivers_micro_d,
          chequers_serial_rivers_room_a, chequers_serial_rivers_marsh,
          chequers_serial_rivers_small_a, chequers_serial_rivers_micro_a
D:7:      layout_basic, makhleb_blood_cavern_becter, grunt_qazlal_clouds,
          lemuel_temple_firewalk_a, enter_bailey_3, st_stairs_3
D:8:      layout_cave_pods, serial_column_ruins, column_ruins_hut,
          column_ruins_courtyard_long, column_ruins_open_small_water,
          column_ruins_grid_4, column_ruins_open_tiny, column_ruins_open_small,
          uniq_maggie, uniq_pikel
Temple:   nicolae_temple_bog_church

Skill      XL: |  1  2  3  4  5  6  7  8  9 |
---------------+----------------------------+-----
Invocations    | 1 2 3 4 |  4.5
Fighting       | 3 4 5 6 7 |  7.1
Unarmed Combat | 3 4 5 7 8 |  8.4
Throwing       | 3 5 |  5.3
Shields        | 3 |  3.0
Dodging        | |  2.4

Action                   |  1- 3 |  4- 6 |  7- 9 || total
-------------------------+-------+-------+-------++-------
Melee: Unarmed           |    76 |   182 |   359 ||   617
Armor: Robe              |    29 |    53 |    77 ||   159
Dodge: Dodged            |    25 |    82 |   173 ||   280
Block: Kite shield       |    32 |    62 |   164 ||   258
